 Dungeon Crawl Stone Soup version 0.31-a0-177-g4aa6249778 (webtiles) character file.

Game seed: 8987412607397565283

17067 qw the Cleaver (level 12, -4/77 HPs)
             Began as a Gargoyle Fighter on June 18, 2023.
             Was an Elder of Okawaru.
             Succumbed to barbed spike wounds
             ... in a Gauntlet.
             The game lasted 00:07:06 (12600 turns).

qw the Cleaver (Gargoyle Fighter)                  Turns: 12600, Time: 00:07:07

Health: -4/77      AC: 26    Str: 25    XL:     12   Next: 44%
Magic:  18/18      EV:  9    Int:  9    God:    Okawaru [****..]
Gold:   614        SH: 11    Dex:  9    Spells: 11/11 levels left

rFire   + + .        Y - +0 broad axe (elec)
rCold   + . .        c - +0 buckler
rNeg    + . .        r - +0 plate armour
rPois   inf          t - +2 helmet
rElec   +            y - scarf {rC+ rF+}
rCorr   .            g - +2 pair of gloves
SInv    +            s - +0 pair of boots
Will    .....        u - amulet of reflection Stlth
                     i - ring of protection from fire
HPRegen 0.32/turn    k - ring of see invisible
MPRegen 0.16/turn

%: no teleportation, reflection
@: heroic, spiked, corroded
A: sickness immunity, AC +8, negative energy resistance 1, electricity
resistance, torment resistance 1, petrification resistance
a: Renounce Religion, Heroism, Finesse


You were in a Gauntlet.
You worshipped Okawaru.
Okawaru was greatly pleased with you.
You visited 3 branches of the dungeon, and saw 13 of its levels.
You also visited: Gauntlet.

You collected 782 gold pieces.
You spent 168 gold pieces at shops.


Innate Abilities, Weirdness & Mutations

You are immune to sickness and miasma.
Your stone body is resilient. (AC +8)
You are immune to poison.
You resist negative energy. (rN+)
You are resistant to electric shocks. (rElec)
You are resistant to unholy torment.
You are immune to petrification.


   Skills:
 - Level 10.0(15.0) Fighting
 + Level 12.5(17.5) Axes
 - Level 1.6(6.6) Throwing
 - Level 9.0(14.0) Armour
 - Level 2.1(7.1) Dodging
 - Level 6.0(11.0) Shields
 + Level 8.2 Invocations


You had 11 spell levels left.
You didn't know any spells.
Your spell library was empty.

Inventory:

Hand Weapons
 x - a +0 morningstar
 Y - a +0 broad axe of electrocution (weapon)
Missiles
 q - 2 boomerangs (quivered)
Armour
 c - a +0 buckler (worn)
 g - a +2 pair of gloves (worn)
 l - the +5 leather armour of the Wilderness {rPois rCorr}
   (You found it on level 4 of the Dungeon)

   rPois:     It protects you from poison.
   rCorr:     It protects you from acid and corrosion.
 n - the +1 scale mail of the Arcane {+Blink rPois rF- rC++}
   (You found it on level 2 of the Dungeon)

   rF:        It makes you vulnerable to fire.
   rC:        It greatly protects you from cold.
   rPois:     It protects you from poison.
   +Blink:    It lets you blink.
 r - a +0 plate armour (worn)
 s - a +0 pair of boots (worn)
 t - a +2 helmet (worn)
 y - a scarf of resistance (worn)
Jewellery
 i - a ring of protection from fire (left hand)
 k - a ring of see invisible (right hand)
 u - an amulet of reflection (around neck)
 z - a ring of fire
 A - a ring of positive energy
Wands
 b - a wand of digging (4)
Scrolls
 h - 4 scrolls of teleportation
 p - 5 scrolls of identify
Potions
 a - 2 potions of lignification
 d - 5 potions of might
 e - 3 potions of haste
 f - 2 potions of magic
 m - a potion of enlightenment
 v - a potion of cancellation
 w - 3 potions of attraction
 B - 3 potions of curing

Dungeon Overview and Level Annotations

Branches:
Dungeon (9/15)             Temple (1/1) D:4            Lair (3/5) D:9
 Shoals (0/4) Lair:3      Gauntlet (1/1)
  Snake: Lair:2-3    Spider: Lair:2-3       Orc: D:9-12

Altars:
Ashenzari
Cheibriados
Dithmenos
Elyvilon
Fedhas
Gozag
Hepliaklqana
Kikubaaqudgha
Makhleb
Nemelex Xobeh
Okawaru
Qazlal
Ru
Sif Muna
Trog
Uskayaw
Vehumet
Wu Jian
Xom
Yredelemnul
Zin
The Shining One

Shops:
D:2 ([(   D:5 !

Annotations:
D:1 exclusion: hobgoblin
D:6 1 runed translucent door, Crazy Yiuf
D:7 3 runed translucent doors, qw's ghost, novice GrFi; qw's ghost, novice NaHu Gauntlet 9 transporters


Message History

Enter note:
Enter note:
Enter note:
Enter note:
Enter note:
Enter note:
Enter note:
Enter note:
Enter note:
Enter note:
Enter note:
Enter note:
Enter note:
Enter note:
Enter note:
Enter note:
Enter note:
Enter note:
Enter note:
Enter note:
Enter note:
Enter note:
Enter note:
Enter note:
Enter note:
Enter note:
Enter note:
Enter note:
Enter note:
Enter note:
Enter note:
Enter note:
Enter note:
Enter note:
Enter note:
Enter note:
Enter note:
12600 ||| Stepping randomly (stuck).
The barbed spikes dig painfully into your body as you move.
You die...

## ##.#.#####.#.##
##~###..#45.....#.~##
#~~~#...#########.~~#
#...#...#8..^#....~##
#...#.8.#^...#.8..##
.##.8.#.}.#8..^#....~##
....^.#.8.#########.~~#
.##.8.#...#.5534?8#.~##
#.^.#...#@##.45.#.##
.##.8.#.8.#.#.##..#.~##
....^.#.\.#.#.^#..#.~~#
.##.8.#.8.#.##..#.#.~##
#.^.#...#..####.#.##
.##.8.#...#.......#.~##
....^.#.8.#########.~~#
.##.8.#.}.#8..^#....~##
#...#.8.#^...#.8..##


You could see an obsidian statue, a hellwing, a smoke demon (summoned), a red
devil (summoned), an iron imp (summoned), a quasit (summoned) and a shadow imp.

Vanquished Creatures
  Erica (D:8)
  Nergalle (Lair:1)
  A sixfirhy (Gauntlet)
  A black mamba (Lair:2)
  5 cane toads
  A rime drake (Lair:2)
  5 komodo dragons
  A polar bear (Lair:1)
  2 trolls (D:9)
  A raiju (Gauntlet)
  Grinder (D:5)
  Sigmund (D:6)
  4 blink frogs (Lair:2)
  2 shadows (D:9)
  Eustachio (D:6)
  3 wyverns
  3 steam dragons
  A basilisk (Lair:1)
  17 yaks
  Edmund (D:6)
  7 water moccasins
  3 orc warriors
  A sky beast (D:7)
  4 black bears
  17 wolves
  2 centaurs
  3 kobold brigands
  3 phantoms
  Blork the orc (D:5)
  9 bullfrogs
  A gnoll sergeant (D:5)
  11 wights
  8 killer bees
  4 howler monkeys
  8 hounds
  3 jellies
  5 orc priests
  2 sleepcaps
  A gnoll bouda (D:7)
  2 orc wizards
  3 iguanas
  15 gnolls
  6 adders
  2 shadow imps
  A white imp (D:6)
  5 ufetubi
  A worm (D:5)
  A dart slug (D:1)
  22 orcs
  5 bats
  3 endoplasms
  A giant cockroach (D:5)
  11 goblins
  15 hobgoblins
  6 jackals (D:1)
  15 kobolds
  A quokka (D:1)
  7 ball pythons
  3 frilled lizards
  7 rats
278 creatures vanquished.

Vanquished Creatures (others)
  A centaur (D:8)
1 creature vanquished.

Grand Total: 279 creatures vanquished

Notes
Turn   | Place    | Note
-------+----------+-------------------------------------------
     0 | D:1      | qw the Gargoyle Fighter began the quest for the Orb.
     0 | D:1      | Reached XP level 1. HP: 14/14 MP: 1/1
     0 | D:1      | 0 ||| qw: Version: 0.3-a-5-g6f28e65
     0 | D:1      | 0 ||| qw: Game counter: 575
     0 | D:1      | 0 ||| qw: Always use a shield: true
     0 | D:1      | 0 ||| qw: God list: Okawaru
     0 | D:1      | 0 ||| qw: Allow faded altars: false
     0 | D:1      | 0 ||| qw: Do Orc after D:15 true
     0 | D:1      | 0 ||| qw: Do second Lair branch before Depths: true
     0 | D:1      | 0 ||| qw: Lair rune preference: random
     0 | D:1      | 0 ||| qw: Plans: Normal, Zot:1-4, Slime:5, God:TSO, Crypt,
                  | Tomb, Abyss, Pan, Hells, Win
     0 | D:1      | 0 ||| PLANNING D:1-11
    19 | D:1      | Reached skill level 2 in Axes
    93 | D:1      | 93 ||| READING scroll labelled GOBYPP ICOUDGH.
   147 | D:1      | 147 ||| Stepping ~*~*~tactically~*~*~ (stealth).
   155 | D:1      | Reached XP level 2. HP: 19/19 MP: 2/2
   198 | D:1      | 198 ||| FLEEEEING.
   215 | D:1      | 215 ||| FLEEEEING.
   216 | D:1      | 216 ||| FLEEEEING.
   282 | D:1      | 282 ||| Stepping ~*~*~tactically~*~*~ (hiding).
   283 | D:1      | 283 ||| Stepping ~*~*~tactically~*~*~ (hiding).
   288 | D:1      | 288 ||| Stepping ~*~*~tactically~*~*~ (stealth).
   298 | D:1      | 298 ||| Stepping ~*~*~tactically~*~*~ (stealth).
   341 | D:1      | 341 ||| Stepping ~*~*~tactically~*~*~ (stealth).
   356 | D:1      | Reached skill level 3 in Axes
   372 | D:1      | 372 ||| Stepping ~*~*~tactically~*~*~ (stealth).
   373 | D:1      | 373 ||| Stepping ~*~*~tactically~*~*~ (stealth).
   395 | D:1      | Reached XP level 3. HP: 21/23 MP: 3/3
   429 | D:1      | 429 ||| Stepping ~*~*~tactically~*~*~ (stealth).
   845 | D:1      | 845 ||| Stepping ~*~*~tactically~*~*~ (hiding).
   847 | D:1      | 847 ||| Stepping ~*~*~tactically~*~*~ (hiding).
   895 | D:1      | 895 ||| Stepping ~*~*~tactically~*~*~ (hiding).
   897 | D:1      | 897 ||| Stepping ~*~*~tactically~*~*~ (hiding).
  1164 | D:1      | 1164 ||| UPGRADING to ring of protection from fire.
  1165 | D:1      | 1165 ||| READING scroll labelled YRERUM SOTO.
  1166 | D:1      | 1166 ||| DRINKING 2 metallic inky potions.
  1277 | D:2      | Found Weppell's Weapon Emporium.
  1285 | D:2      | 1285 ||| SHOPLISTING +2 morningstar of protection (168
                  | gold, have 34).
  1465 | D:2      | Found Vuteghun's Weapon Boutique.
  1490 | D:2      | Found Nigeusewnu's Antique Armour Shoppe.
  1527 | D:2      | 1527 ||| SHOPLISTING chain mail (112 gold, have 46).
  1527 | D:2      | 1527 ||| SHOPLISTING embroidered cloak (187 gold, have 46).
  1527 | D:2      | 1527 ||| SHOPLISTING gold dragon scales (2000 gold, have
                  | 46).
  1527 | D:2      | 1527 ||| SHOPLISTING helmet (112 gold, have 46).
  1527 | D:2      | 1527 ||| SHOPLISTING pair of boots (112 gold, have 46).
  1527 | D:2      | 1527 ||| SHOPLISTING pair of gloves (112 gold, have 46).
  1527 | D:2      | 1527 ||| SHOPLISTING runed helmet (187 gold, have 46).
  1527 | D:2      | 1527 ||| SHOPLISTING tower shield (112 gold, have 46).
  1851 | D:2      | Identified the +1 scale mail of the Arcane {+Blink rPois
                  | rF- rC++}
  1943 | D:2      | 1943 ||| UPGRADING to +1 scale mail of the Arcane {+Blink
                  | rPois rF- rC++}.
  1953 | D:2      | 1953 ||| DROPPING ring of wizardry.
  1954 | D:2      | 1954 ||| READING 2 scrolls labelled ECSINE INAM.
  1958 | D:2      | 1958 ||| READING scroll labelled KIYHAU HACRAT.
  1959 | D:2      | 1959 ||| READING scroll labelled IPUGOD VIPIROISHO.
  2031 | D:3      | Reached XP level 4. HP: 28/28 MP: 4/4
  2218 | D:3      | Found a faded altar of an unknown god.
  2510 | D:3      | Reached skill level 4 in Axes
  2547 | D:3      | 2547 ||| UPGRADING to ring of see invisible.
  2598 | D:4      | Identified the +5 leather armour of the Wilderness {rPois
                  | rCorr}
  2633 | D:4      | 2633 ||| DROPPING +0 mace.
  2685 | D:4      | Reached XP level 5. HP: 24/32 MP: 5/5
  2718 | D:4      | Found a staircase to the Ecumenical Temple.
  2719 | D:4      | 2719 ||| PLANNING TEMPLE
  2719 | D:4      | 2719 ||| UPGRADING to +0 pair of gloves.
  2724 | D:4      | 2724 ||| UPGRADING to amulet of the acrobat.
  2729 | D:4      | 2729 ||| READING 3 scrolls labelled HYAKHOLOUL.
  2730 | D:4      | 2730 ||| READING 2 scrolls of identify.
  2730 | D:4      | 2730 ||| IDENTIFYING metallic white potion
  2746 | Temple   | Entered the Ecumenical Temple
  2763 | Temple   | 2763 ||| PLANNING OKAWARU WORSHIP
  2875 | Temple   | Became a worshipper of Warmaster Okawaru
  2876 | Temple   | 2876 ||| PLANNING D:1-11
  2982 | D:4      | 2982 ||| Stepping ~*~*~tactically~*~*~ (hiding).
  2983 | D:4      | 2983 ||| Stepping ~*~*~tactically~*~*~ (hiding).
  2984 | D:4      | 2984 ||| Stepping ~*~*~tactically~*~*~ (hiding).
  2991 | D:4      | Reached skill level 5 in Axes
  3090 | D:4      | 3090 ||| Stepping ~*~*~tactically~*~*~ (hiding).
  3091 | D:4      | 3091 ||| Stepping ~*~*~tactically~*~*~ (hiding).
  3347 | D:4      | 3347 ||| DROPPING +0 scale mail.
  3348 | D:4      | 3348 ||| UPGRADING to +0 plate armour.
  3358 | D:4      | 3358 ||| UPGRADING to +0 pair of boots.
  3363 | D:4      | 3363 ||| READING 2 scrolls of identify.
  3363 | D:4      | 3363 ||| IDENTIFYING murky blue potion
  3396 | D:5      | Entered Level 5 of the Dungeon
  3397 | D:5      | 3397 ||| PLANNING SEWER
  3417 | D:5      | Reached XP level 6. HP: 35/38 MP: 6/6
  3585 | D:5      | 3585 ||| Stepping ~*~*~tactically~*~*~ (hiding).
  3600 | D:5      | Reached * piety under Okawaru
  3601 | D:5      | 3601 ||| INVOKING Heroism.
  3628 | D:5      | Reached skill level 6 in Axes
  3628 | D:5      | Reached XP level 7. HP: 16/43 MP: 7/7
  3759 | D:5      | 3759 ||| STAIRDANCE
  3762 | D:4      | Reached skill level 1 in Invocations
  3803 | D:5      | 3803 ||| STAIRDANCE
  3805 | D:4      | 3805 ||| INVOKING Heroism.
  3938 | D:5      | 3938 ||| Stepping ~*~*~tactically~*~*~ (stealth).
  4006 | D:5      | Noticed Grinder
  4008 | D:5      | 4008 ||| INVOKING Heroism.
  4016 | D:5      | Killed Grinder
  4017 | D:5      | Reached skill level 3 in Invocations
  4017 | D:5      | Reached XP level 8. HP: 40/48 MP: 8/10
  4100 | D:5      | Found Iwowa's Distillery.
  4108 | D:5      | 4108 ||| BUYING 2 potions of might (96 gold).
  4108 | D:5      | Bought 2 potions of might for 96 gold pieces
  4108 | D:5      | 4108 ||| BUYING potion of attraction (36 gold).
  4108 | D:5      | Bought a potion of attraction for 36 gold pieces
  4108 | D:5      | 4108 ||| BUYING potion of curing (36 gold).
  4108 | D:5      | Bought a potion of curing for 36 gold pieces
  4108 | D:5      | 4108 ||| SHOPLISTING potion of haste (120 gold, have 14).
  4108 | D:5      | 4108 ||| SHOPLISTING potion of heal wounds (60 gold, have
                  | 14).
  4108 | D:5      | 4108 ||| SHOPLISTING potion of magic (96 gold, have 14).
  4230 | D:5      | 4230 ||| RIP SEWER
  4230 | D:5      | 4230 ||| RIP OSSUARY
  4230 | D:5      | 4230 ||| PLANNING D:1-11
  4258 | D:5      | Reached skill level 7 in Axes
  4300 | D:5      | Noticed Blork the orc
  4301 | D:5      | 4301 ||| INVOKING Heroism.
  4312 | D:5      | Killed Blork the orc
  4529 | D:5      | 4529 ||| READING scroll labelled ZEJIMAZ QAETAI.
  4530 | D:5      | 4530 ||| DRINKING 2 coppery potions.
  4550 | D:5      | 4550 ||| READING 2 scrolls of identify.
  4550 | D:5      | 4550 ||| IDENTIFYING sapphire potion
  4551 | D:5      | 4551 ||| DROPPING potion of ambrosia.
  4608 | D:6      | Noticed Eustachio
  4609 | D:6      | 4609 ||| INVOKING Heroism.
  4614 | D:6      | Killed Eustachio
  4615 | D:6      | Reached skill level 6 in Fighting
  4619 | D:6      | Reached skill level 1 in Dodging
  4630 | D:6      | 4630 ||| Stepping ~*~*~tactically~*~*~ (stealth).
  4631 | D:6      | 4631 ||| Stepping ~*~*~tactically~*~*~ (stealth).
  4632 | D:6      | 4632 ||| Stepping ~*~*~tactically~*~*~ (stealth).
  4633 | D:6      | 4633 ||| Stepping ~*~*~tactically~*~*~ (stealth).
  4634 | D:6      | 4634 ||| Stepping ~*~*~tactically~*~*~ (stealth).
  4635 | D:6      | 4635 ||| Stepping ~*~*~tactically~*~*~ (stealth).
  4636 | D:6      | 4636 ||| Stepping ~*~*~tactically~*~*~ (stealth).
  4662 | D:6      | Reached ** piety under Okawaru
  4703 | D:6      | Noticed Edmund
  4704 | D:6      | 4704 ||| INVOKING Heroism.
  4716 | D:6      | Killed Edmund
  4898 | D:6      | 4898 ||| INVOKING Heroism.
  4905 | D:6      | Reached skill level 8 in Axes
  5082 | D:6      | Noticed Sigmund
  5083 | D:6      | 5083 ||| INVOKING Heroism.
  5093 | D:6      | Killed Sigmund
  5094 | D:6      | Reached XP level 9. HP: 42/55 MP: 10/12
  5188 | D:6      | Found a runed translucent door.
  5189 | D:6      | Noticed Crazy Yiuf
  5384 | D:6      | 5384 ||| READING scroll labelled DEPEHO PACHOO.
  5411 | D:7      | 5411 ||| STAIRDANCE
  5417 | D:6      | 5417 ||| INVOKING Heroism.
  5624 | D:7      | 5624 ||| INVOKING Heroism.
  5834 | D:7      | Found a runed translucent gate.
  5834 | D:7      | Found a runed translucent gate.
  5834 | D:7      | Found a runed translucent gate.
  5870 | D:7      | Reached skill level 9 in Axes
  5990 | D:7      | 5990 ||| INVOKING Heroism.
  6093 | D:7      | Reached skill level 6 in Armour
  6250 | D:7      | Noticed qw's ghost (novice NaHu)
  6250 | D:7      | Noticed qw's ghost (novice GrFi)
  6250 | D:7      | Noticed qw's ghost (novice NaHu)
  6325 | D:7      | 6325 ||| Stepping ~*~*~tactically~*~*~ (hiding).
  6330 | D:7      | 6330 ||| INVOKING Heroism.
  6392 | D:7      | Found a shimmering altar of Xom.
  6393 | D:7      | Found a radiant altar of Vehumet.
  6514 | D:7      | 6514 ||| UPGRADING to +0 helmet.
  6519 | D:7      | 6519 ||| UPGRADING to amulet of reflection.
  6529 | D:7      | 6529 ||| DROPPING amulet of the acrobat.
  6530 | D:7      | 6530 ||| READING scroll labelled BUAMET SYSEAP.
  6531 | D:7      | 6531 ||| DRINKING 2 amethyst potions.
  6532 | D:7      | 6532 ||| READING 3 scrolls of identify.
  6532 | D:7      | 6532 ||| IDENTIFYING clear potion
  6533 | D:7      | 6533 ||| READING 2 scrolls of identify.
  6533 | D:7      | 6533 ||| IDENTIFYING orange potion
  6534 | D:7      | 6534 ||| DROPPING potion of brilliance.
  6595 | D:8      | 6595 ||| Stepping ~*~*~tactically~*~*~ (hiding).
  6618 | D:8      | 6618 ||| Stepping ~*~*~tactically~*~*~ (stealth).
  6626 | D:8      | 6626 ||| INVOKING Heroism.
  6849 | D:8      | 6849 ||| Stepping ~*~*~tactically~*~*~ (hiding).
  6850 | D:8      | 6850 ||| Stepping ~*~*~tactically~*~*~ (hiding).
  6851 | D:8      | 6851 ||| Stepping ~*~*~tactically~*~*~ (hiding).
  6852 | D:8      | 6852 ||| Stepping ~*~*~tactically~*~*~ (hiding).
  6853 | D:8      | 6853 ||| INVOKING Heroism.
  6866 | D:8      | 6866 ||| INVOKING Heroism.
  6912 | D:8      | 6912 ||| Stepping ~*~*~tactically~*~*~ (hiding).
  6972 | D:8      | 6972 ||| Stepping ~*~*~tactically~*~*~ (stealth).
  6982 | D:8      | 6982 ||| INVOKING Heroism.
  6988 | D:8      | Reached XP level 10. HP: 52/63 MP: 10/13
  7043 | D:8      | 7043 ||| INVOKING Heroism.
  7049 | D:8      | Reached skill level 10 in Axes
  7061 | D:8      | 7061 ||| INVOKING Heroism.
  7286 | D:8      | 7286 ||| INVOKING Heroism.
  7409 | D:8      | Found a sacrificial altar of Ru.
  7412 | D:8      | 7412 ||| INVOKING Heroism.
  7421 | D:8      | Reached skill level 1 in Throwing
  7454 | D:8      | 7454 ||| Stepping ~*~*~tactically~*~*~ (stealth).
  7461 | D:8      | 7461 ||| INVOKING Heroism.
  7644 | D:8      | Found a sparkling altar of Nemelex Xobeh.
  7650 | D:8      | Noticed Erica
  7651 | D:8      | 7651 ||| INVOKING Heroism.
  7653 | D:8      | 7653 ||| DRINKING 3 potions of curing.
  7653 | D:8      | 7653 ||| (to cure confusion)
  7664 | D:8      | 7664 ||| FLEEEEING.
  7665 | D:8      | 7665 ||| FLEEEEING.
  7666 | D:8      | 7666 ||| FLEEEEING.
  7667 | D:8      | 7667 ||| FLEEEEING.
  7668 | D:8      | 7668 ||| FLEEEEING.
  7669 | D:8      | 7669 ||| FLEEEEING.
  7670 | D:8      | 7670 ||| Stepping ~*~*~tactically~*~*~ (hiding).
  7672 | D:8      | 7672 ||| Stepping ~*~*~tactically~*~*~ (hiding).
  7673 | D:8      | 7673 ||| Stepping ~*~*~tactically~*~*~ (hiding).
  7674 | D:8      | 7674 ||| FLEEEEING.
  7675 | D:8      | 7675 ||| FLEEEEING.
  7676 | D:8      | 7676 ||| FLEEEEING.
  7677 | D:8      | 7677 ||| FLEEEEING.
  7678 | D:8      | 7678 ||| FLEEEEING.
  7679 | D:8      | 7679 ||| FLEEEEING.
  7682 | D:8      | 7682 ||| FLEEEEING.
  7683 | D:8      | 7683 ||| FLEEEEING.
  7684 | D:8      | 7684 ||| FLEEEEING.
  7685 | D:8      | 7685 ||| FLEEEEING.
  7686 | D:8      | 7686 ||| FLEEEEING.
  7687 | D:8      | 7687 ||| FLEEEEING.
  7688 | D:8      | 7688 ||| FLEEEEING.
  7689 | D:8      | 7689 ||| FLEEEEING.
  7690 | D:8      | 7690 ||| FLEEEEING.
  7691 | D:8      | 7691 ||| DRINKING 2 potions of curing.
  7691 | D:8      | 7691 ||| (to cure confusion)
  7692 | D:8      | 7692 ||| FLEEEEING.
  7693 | D:8      | 7693 ||| FLEEEEING.
  7696 | D:8      | 7696 ||| FLEEEEING.
  7697 | D:8      | 7697 ||| FLEEEEING.
  7698 | D:8      | 7698 ||| FLEEEEING.
  7699 | D:8      | 7699 ||| FLEEEEING.
  7700 | D:8      | 7700 ||| FLEEEEING.
  7701 | D:8      | 7701 ||| FLEEEEING.
  7702 | D:8      | 7702 ||| FLEEEEING.
  7703 | D:8      | 7703 ||| FLEEEEING.
  7704 | D:8      | 7704 ||| FLEEEEING.
  7705 | D:8      | 7705 ||| FLEEEEING.
  7706 | D:8      | 7706 ||| FLEEEEING.
  7707 | D:8      | 7707 ||| FLEEEEING.
  7709 | D:8      | 7709 ||| FLEEEEING.
  7710 | D:8      | 7710 ||| FLEEEEING.
  7711 | D:8      | 7711 ||| FLEEEEING.
  7712 | D:8      | 7712 ||| FLEEEEING.
  7713 | D:8      | 7713 ||| FLEEEEING.
  7714 | D:8      | 7714 ||| FLEEEEING.
  7715 | D:8      | 7715 ||| FLEEEEING.
  7716 | D:8      | 7716 ||| FLEEEEING.
  7717 | D:8      | 7717 ||| INVOKING Heroism.
  7731 | D:8      | Killed Erica
  8053 | D:8      | 8053 ||| UPGRADING to +2 helmet.
  8063 | D:8      | 8063 ||| UPGRADING to scarf of resistance.
  8068 | D:8      | 8068 ||| DROPPING +0 helmet.
  8069 | D:8      | 8069 ||| READING scroll labelled NIOCHE PENNE.
  8132 | D:9      | 8132 ||| DRINKING potion of curing.
  8132 | D:9      | 8132 ||| (to cure confusion)
  8146 | D:9      | 8146 ||| DROPPING +0 flail.
  8155 | D:9      | 8155 ||| Stepping ~*~*~tactically~*~*~ (hiding).
  8156 | D:9      | 8156 ||| Stepping ~*~*~tactically~*~*~ (hiding).
  8157 | D:9      | 8157 ||| INVOKING Heroism.
  8267 | D:9      | 8267 ||| SWAPPING to +0 broad axe.
  8268 | D:9      | 8268 ||| DROPPING +0 war axe.
  8380 | D:9      | 8380 ||| INVOKING Heroism.
  8535 | D:9      | Found a flagged portal.
  8573 | D:9      | 8573 ||| INVOKING Heroism.
  8617 | D:9      | 8617 ||| Stepping ~*~*~tactically~*~*~ (hiding).
  8618 | D:9      | 8618 ||| Stepping ~*~*~tactically~*~*~ (hiding).
  8684 | D:9      | Reached skill level 11 in Axes
  8800 | D:9      | 8800 ||| Stepping ~*~*~tactically~*~*~ (stealth).
  8826 | D:9      | 8826 ||| READING scroll of enchant armour.
  8826 | D:9      | 8826 ||| ENCHANTING +0 pair of gloves.
  8841 | D:9      | Found a staircase to the Lair.
  8906 | D:9      | 8906 ||| Stepping ~*~*~tactically~*~*~ (stealth).
  8907 | D:9      | 8907 ||| Stepping ~*~*~tactically~*~*~ (stealth).
  8965 | D:9      | Reached XP level 11. HP: 65/69 MP: 14/14
  9113 | D:9      | 9113 ||| PLANNING LAIR
  9145 | Lair:1   | Entered Level 1 of the Lair of Beasts
  9146 | Lair:1   | 9146 ||| INVOKING Heroism.
  9152 | Lair:1   | 9152 ||| STAIRDANCE
  9157 | D:9      | Reached *** piety under Okawaru
  9159 | D:9      | Reached skill level 9 in Fighting
  9163 | D:9      | 9163 ||| INVOKING Heroism.
  9414 | Lair:1   | You fall into a shaft and drop 1 floor!
  9433 | Lair:2   | 9433 ||| INVOKING Heroism.
  9586 | Lair:1   | 9586 ||| READING scroll of enchant armour.
  9586 | Lair:1   | 9586 ||| ENCHANTING +1 pair of gloves.
  9594 | Lair:1   | 9594 ||| INVOKING Heroism.
  9636 | Lair:1   | 9636 ||| Stepping ~*~*~tactically~*~*~ (hiding).
  9648 | Lair:1   | Reached skill level 12 in Axes
  9660 | Lair:1   | Reached skill level 9 in Armour
  9739 | Lair:1   | Reached **** piety under Okawaru
  9786 | Lair:1   | 9786 ||| Stepping ~*~*~tactically~*~*~ (stealth).
  9849 | Lair:1   | 9849 ||| INVOKING Heroism.
  9852 | Lair:1   | Noticed Nergalle
  9869 | Lair:1   | Killed Nergalle
  9956 | Lair:1   | 9956 ||| INVOKING Heroism.
  9981 | Lair:1   | Reached skill level 6 in Shields
 10124 | Lair:1   | 10124 ||| INVOKING Heroism.
 10128 | Lair:1   | 10128 ||| Stepping ~*~*~tactically~*~*~ (stealth).
 10147 | Lair:1   | Reached skill level 6 in Invocations
 10148 | Lair:1   | Reached XP level 12. HP: 63/76 MP: 16/16
 10652 | Lair:1   | 10652 ||| READING scroll labelled RANYUK MALICI.
 10735 | Lair:2   | 10735 ||| FLEEEEING.
 10746 | Lair:2   | 10746 ||| Stepping ~*~*~tactically~*~*~ (stealth).
 11179 | Lair:2   | 11179 ||| INVOKING Heroism.
 11348 | Lair:2   | 11348 ||| INVOKING Heroism.
 11445 | Lair:2   | 11445 ||| INVOKING Heroism.
 11447 | Lair:2   | HP: 19/77 [black mamba (12)]
 11448 | Lair:2   | 11448 ||| READING 4 scrolls of teleportation.
 11449 | Lair:2   | 11449 ||| DRINKING 3 potions of heal wounds.
 11575 | Lair:2   | 11575 ||| INVOKING Heroism.
 11661 | Lair:2   | 11661 ||| Stepping ~*~*~tactically~*~*~ (stealth).
 11666 | Lair:2   | 11666 ||| Stepping ~*~*~tactically~*~*~ (stealth).
 11897 | Lair:2   | 11897 ||| READING scroll labelled HOEFEPN ROSI.
 11913 | Lair:3   | 11913 ||| PLANNING GAUNTLET
 11929 | Lair:3   | 11929 ||| INVOKING Heroism.
 11950 | Lair:3   | Found a staircase to the Shoals.
 11957 | Lair:3   | 11957 ||| Stepping ~*~*~tactically~*~*~ (stealth).
 11958 | Lair:3   | 11958 ||| Stepping ~*~*~tactically~*~*~ (stealth).
 11962 | Lair:3   | 11962 ||| Stepping ~*~*~tactically~*~*~ (stealth).
 12141 | Lair:3   | Found a gate leading to a gauntlet.
 12142 | Lair:3   | 12142 ||| READING scroll labelled GAN ZUSYCAWNUF.
 12143 | Lair:3   | 12143 ||| READING scroll labelled TOUDIF DIZISA.
 12152 | Gauntlet | Entered a Gauntlet
 12152 | Gauntlet | Found a transporter.
 12162 | Gauntlet | Found a transporter.
 12164 | Gauntlet | Found a transporter.
 12165 | Gauntlet | Found a transporter.
 12172 | Gauntlet | Found a runed translucent door.
 12175 | Gauntlet | Found a transporter.
 12176 | Gauntlet | Found a transporter.
 12177 | Gauntlet | Found a transporter.
 12189 | Gauntlet | Found a transporter.
 12190 | Gauntlet | Found a transporter.
 12190 | Gauntlet | Found a transporter.
 12198 | Gauntlet | Found a transporter.
 12198 | Gauntlet | Noticed a reaper
 12202 | Gauntlet | Found a transporter.
 12203 | Gauntlet | Found a transporter.
 12214 | Gauntlet | Found a transporter.
 12293 | Gauntlet | 12293 ||| INVOKING Heroism.
 12465 | Gauntlet | 12465 ||| INVOKING Heroism.
 12475 | Gauntlet | Noticed a soul eater
 12490 | Gauntlet | Noticed a soul eater
 12493 | Gauntlet | Noticed a soul eater
 12508 | Gauntlet | 12508 ||| INVOKING Heroism.
 12515 | Gauntlet | 12515 ||| Stepping randomly (stuck).
 12530 | Gauntlet | Noticed a soul eater
 12542 | Gauntlet | HP: 18/77 [soul eater[an obsidian statue] (11)]
 12543 | Gauntlet | 12543 ||| DRINKING 2 potions of heal wounds.
 12558 | Gauntlet | 12558 ||| DRINKING 3 potions of cancellation.
 12559 | Gauntlet | 12559 ||| Stepping randomly (stuck).
 12560 | Gauntlet | 12560 ||| Stepping randomly (stuck).
 12569 | Gauntlet | 12569 ||| DRINKING 2 potions of cancellation.
 12572 | Gauntlet | 12572 ||| INVOKING Heroism.
 12582 | Gauntlet | 12582 ||| Stepping randomly (stuck).
 12583 | Gauntlet | 12583 ||| Stepping randomly (stuck).
 12584 | Gauntlet | 12584 ||| Stepping randomly (stuck).
 12591 | Gauntlet | 12591 ||| Stepping randomly (stuck).
 12592 | Gauntlet | 12592 ||| Stepping randomly (stuck).
 12592 | Gauntlet | HP: 17/77 [red devil/+2 trident of freezing[an obsidian
                  | statue] (9)]
 12593 | Gauntlet | 12593 ||| DRINKING potion of heal wounds.
 12594 | Gauntlet | 12594 ||| Stepping randomly (stuck).
 12595 | Gauntlet | 12595 ||| Stepping randomly (stuck).
 12596 | Gauntlet | 12596 ||| Stepping randomly (stuck).
 12597 | Gauntlet | 12597 ||| Stepping randomly (stuck).
 12597 | Gauntlet | HP: 10/77 [barbs]
 12598 | Gauntlet | 12598 ||| Stepping randomly (stuck).
 12599 | Gauntlet | 12599 ||| Stepping randomly (stuck).
 12599 | Gauntlet | HP: 1/77 [barbs]
 12600 | Gauntlet | 12600 ||| Stepping randomly (stuck).
 12600 | Gauntlet | Succumbed to barbed spike wounds

Levels and vault maps discovered:
D:1:      dpeg_arrival_morbid_curiosity, layout_rooms, minmay_misc_feat_room,
          kennysheep_boxes
D:2:      layout_basic, serial_shops, nicolae_shop_bloodbath_and_beyond,
          nicolae_shop_scrapyard, nicolae_shop_real_fake_doors
D:3:      layout_loops_ring, chequers_ecumenical_altar_simple
D:4:      corexii_shack_village, layout_rooms, temple_pool_b
D:5:      layout_basic, serial_curves, eino_curves_04, eino_curves_01,
          enter_ossuary_2, serial_shops, nicolae_shop_peninsula,
          portal_sewer_entry_e, uniq_grinder, uniq_blork_the_orc
D:6:      layout_rooms, uniq_edmund, uniq_eustachio, uniq_crazy_yiuf_cottage,
          uniq_sigmund
D:7:      layout_loops_cross, gammafunk_temple_overflow_statue,
          gammafunk_ghost_cemetery
D:8:      minmay_inner_zag, layout_basic, hangedman_ru_absence,
          nemelex_altar_shiori, st_stairs_10, uniq_erica
D:9:      layout_irregular_city, erik_lair_island, enter_bailey_4
Temple:   regret_index_temple_mists
Lair:1:   layout_layer_cave, minivault_19, beast_lair_carwin_2, uniq_nergalle
Lair:2:   layout_cave_pods
Lair:3:   layout_big_grid, elwin_shoals_entry_rocks, spider_nest_entry_webs,
          gauntlet_entry_generic, serial_bayou_pond_c
Gauntlet: gammafunk_gauntlet_77_escape_option [minmay_gauntlet_arena_77_mess,
          minmay_gauntlet_arena_77_path, minmay_gauntlet_arena_77_hold_the_fort,
          minmay_gauntlet_arena_77_two_paths,
          minmay_gauntlet_arena_77_double_cross, gauntlet_exit_watery]

Skill      XL: |  1  2  3  4  5  6  7  8  9 10 11 12 |
---------------+-------------------------------------+-----
Axes           | 2 3 4 5 6 8 9 11 12 | 12.5
Fighting       | 4 6 7 8 9 10 | 10.0
Invocations    | 3 4 6 8 |  8.2
Armour         | 4 5 6 7 9 |  9.0
Dodging        | 1 2 |  2.1
Shields        | 4 5 6 |  6.0
Throwing       | 1 |  1.6

Action                     |  1- 3 |  4- 6 |  7- 9 | 10-12 || total
---------------------------+-------+-------+-------+-------++-------
  Melee: War axe           |    87 |   175 |   322 |   113 ||   697
         Broad axe         |       |       |       |   496 ||   496
  Throw: Javelin           |     8 |       |       |       ||     8
         Boomerang         |    22 |    48 |    13 |   136 ||   219
 Invoke: Heroism           |       |     1 |    15 |    26 ||    42
    Use: Scroll            |     5 |     3 |     6 |     8 ||    22
         Potion            |     1 |       |     2 |     8 ||    11
 Armour: Scale mail        |    44 |    78 |       |       ||   122
         Plate armour      |       |    38 |   215 |   448 ||   701
  Dodge: Dodged            |    38 |    89 |   112 |   219 ||   458
  Block: Buckler           |    14 |    47 |    83 |   383 ||   527
         Reflection        |       |       |       |     2 ||     2

Table legend:
 A = Non-vault XP
 B = Vault XP
 C = Vault XP percentage of total XP
 D = Non-vault monster count
 E = Vault monster count
 F = Vault count percentage of total count
                 A         B        C        D         E       F
            +---------+---------+-------+---------+---------+-------
      Total |   17848 |    6534 |  26.8 |     222 |      57 |  20.4
            +---------+---------+-------+---------+---------+-------
        D:1 |      44 |      10 |  18.5 |      23 |       5 |  17.9
        D:2 |      13 |       0 |   0.0 |       9 |       0 |   0.0
        D:3 |      49 |       0 |   0.0 |       9 |       0 |   0.0
        D:4 |     395 |      14 |   3.4 |      20 |       7 |  25.9
        D:5 |     544 |     374 |  40.7 |      17 |      10 |  37.0
        D:6 |     865 |     602 |  41.0 |      32 |       3 |   8.6
        D:7 |     991 |       0 |   0.0 |      15 |       0 |   0.0
        D:8 |    1642 |    1337 |  44.9 |      18 |       7 |  28.0
        D:9 |    3304 |     767 |  18.8 |      27 |      13 |  32.5
     Lair:1 |    4248 |    2008 |  32.1 |      21 |       5 |  19.2
     Lair:2 |    4932 |       0 |   0.0 |      27 |       0 |   0.0
     Lair:3 |     821 |       0 |   0.0 |       4 |       0 |   0.0
   Gauntlet |       0 |    1422 | 100.0 |       0 |       7 | 100.0
            +---------+---------+-------+---------+---------+-------
